[Event "Late-Titled-Tuesday-Blitz-February-13-2024"]
[Site "Chess.com"]
[Date "2024.02.13"]
[Round "5"]
[White "wild3000"]
[Black "katharinareinecke"]
[Result "1-0"]
[WhiteElo "2309"]
[BlackElo "1958"]
[TimeControl "180+1"]
[EndTime "14:56:08 PST"]
[Termination "wild3000 won by resignation"]

1. d4 d5 2. c4 c6 3. Nc3 Nf6 4. Nf3 Be6 5. cxd5 Bxd5 6. e3 g6 7. Nxd5 cxd5 8. Qb3 Qb6 9. Qxb6 axb6 10. Bb5+ Nc6 11.
Bd2 Nd7 12. a4 Bg7 13. O-O O-O 14. Rac1 Rfc8 15. h4 Nf6 16. Rfd1 Ne4 17. Be1 Na5 18. Nd2 Nxd2 19. Bxd2 Nb3 20. Rxc8+ Rxc8 21. Bc3 Na5 22. Kf1 e6 23. Ke2 Bf8 24. Kd3 Kg7 25. g4 Nc6 26.
Rh1 Nb4+ 27. Kd2 Na2 28. h5 Nxc3 29. bxc3 g5 30. Rb1 Be7 31. Bd3 Bd8 32. Rb4 h6 33.
Kc2 Ra8 34. Kb3 f6 35. c4 dxc4+ 36. Bxc4 e5 37. Rb5 exd4 38. exd4 Rc8 39. Rd5 Rc7 40. Rxd8 Re7 41. Rg8+ Kh7 42. Rg6 b5 43. axb5 Rc7 44. Bd3 Kh8 45. Rxh6+ Kg7 46. Rg6+ Kf7 47. h6 Rd7 48.
Rg7+ Ke8 49. Rxd7 Kxd7 50. h7 1-0

[Event "Late-Titled-Tuesday-Blitz-February-13-2024"]
[Site "Chess.com"]
[Date "2024.02.13"]
[Round "5"]
[White "MikaelyanArman"]
[Black "rhungaski"]
[Result "0-1"]
[WhiteElo "2809"]
[BlackElo "2558"]
[TimeControl "180+1"]
[EndTime "14:56:09 PST"]
[Termination "rhungaski won by resignation"]

1. d4 g6 2. e4 Bg7 3. Nf3 d6 4. Bc4 a6 5. O-O b5 6. Bb3 e6 7. Nbd2 Bb7 8. Re1 Nd7 9. c3 Ne7 10. Nf1 h6 11. Ng3 O-O 12. h4 c5 13.
Bf4 c4 14. Bc2 e5 15. Be3 Nc6 16. Qd2 Kh7 17. h5 Qe7 18. a4 exd4 19. cxd4 b4 20. e5 dxe5 21. d5 c3 22. hxg6+ fxg6 23. Qd3 e4 24.
Nxe4 Nce5 25. Nxe5 Nxe5 26. d6 Qe6 27. Qe2 cxb2 28.
Rad1 Qc4 29. Nc5 Qh4 30. Nxb7 Ng4 31. Bxg6+ Kxg6 32. Qc2+ Rf5 33. Rd5 Qh2+ 34. Kf1 Nxe3+ 35. Rxe3 b1=Q+ 36. Qxb1 Qh1+ 37. Ke2 Qxb1 38. Rd2 Raf8 39. f3 Bc3 40. Rdd3 Qc2+ 41. Kf1 Rh5 42. Kg1 Qc1+ 43. Kf2 Rh1 44. d7 Be1+ 45. Ke2 Qc2+ 0-1

[Event "Late-Titled-Tuesday-Blitz-February-13-2024"]
[Site "Chess.com"]
[Date "2024.02.13"]
[Round "5"]
[White "martinmena"]
[Black "inagreV"]
[Result "1-0"]
[WhiteElo "2159"]
[BlackElo "2353"]
[TimeControl "180+1"]
[EndTime "14:56:09 PST"]
[Termination "martinmena won by resignation"]

1. c4 g6 2. Nc3 Bg7 3. g3 Nf6 4. Bg2 O-O 5. d3 d6 6. Bg5 c5 7. Qd2 Nc6 8. e4 Rb8 9. Nge2 a6 10. Bh6 b5 11. Bxg7 Kxg7 12. b3 bxc4 13. dxc4 Bd7 14. O-O a5 15. Nd5 Nxd5 16. exd5 Ne5 17.
h3 f6 18. f4 Nf7 19. g4 a4 20. Qe3 Re8 21. f5 g5 22. Ng3 Ne5 23. Bf3 Qb6 24.
h4 h6 25. Rab1 axb3 26. axb3 Qb4 27. Be2 Ra8 28. hxg5 hxg5 29. Kg2 Rh8 30. Rh1 Rxh1 31. Rxh1 Ra2 32. Nh5+ Kg8 33. Kf1 Ra1+ 34. Kg2 Rxh1 35.
Kxh1 Qe1+ 36. Kg2 Nxg4 37. Qxe7 Qf2+ 38. Kh3 Qh4+ 39. Kg2 Qh2+ 40. Kf3 Qf4+ 41. Nxf4 1-0

[Event "Late-Titled-Tuesday-Blitz-February-13-2024"]
[Site "Chess.com"]
[Date "2024.02.13"]
[Round "5"]
[White "Vamostodorecto"]
[Black "tarno17"]
[Result "1/2-1/2"]
[WhiteElo "2374"]
[BlackElo "2119"]
[TimeControl "180+1"]
[EndTime "14:56:09 PST"]
[Termination "Game drawn by repetition"]

1. d4 d5 2. c4 e6 3. Nc3 Nf6 4.
Nf3 Be7 5. e3 O-O 6. b3 b6 7. Bb2 Bb7 8. Bd3 Ne4 9. O-O Nd7 10.
cxd5 exd5 11. Qc2 Ndf6 12. Ne5 c5 13. Rad1 Qb8 14. f3 Ng5 15. Ne2 Rc8 16. Qb1 a5 17. Bf5 Ne6 18. Nf4 Nxf4 19. exf4 Re8 20. Kh1 a4 21. Rfe1 axb3 22. axb3 Bd6 23. dxc5 bxc5 24. Ng4 Nxg4 25. Bxh7+ Kf8 26. fxg4 Bc6 27. Rf1 Qxb3 28. Bxg7+ Kxg7 29. Qxb3 Kxh7 30. Qh3+ Kg7 31. Qc3+ d4 32. Qg3 Ra2 33. Rf2 Ree2 34. Rxe2 Rxe2 35. Rg1 c4 36.
Qh3 d3 37. Qh5 d2 38. Qg5+ Kh7 39. Qf5+ Kg7 40. Qg5+ Kh7 41. Qh5+ Kg7 42. Qg5+ 1/2-1/2

[Event "Late-Titled-Tuesday-Blitz-February-13-2024"]
[Site "Chess.com"]
[Date "2024.02.13"]
[Round "5"]
[White "Oleksandr_Bortnyk"]
[Black "platy3"]
[Result "0-1"]
[WhiteElo "3045"]
[BlackElo "2951"]
[TimeControl "180+1"]
[EndTime "14:56:10 PST"]
[Termination "platy3 won by resignation"]

1. d4 Nf6 2. Nc3 d5 3. Bf4 c5 4. e4 Nxe4 5. Nxe4 dxe4 6. dxc5 Qa5+ 7. c3 Qxc5 8. Qa4+ Nc6 9. Qxe4 g6 10. Nf3 Bg7 11. Rd1 O-O 12. Be3 Qf5 13. Qa4 Qa5 14.
Bb5 Qxa4 15. Bxa4 Be6 16. a3 Bc4 17. Nd2 Bd5 18. O-O Rfd8 19. f4 Bf6 20. g3 Rab8 21.
c4 Be6 22. Bxc6 bxc6 23. b4 Rd3 24. Rde1 Bc3 25. Rf2 Rbd8 26. Ree2 Rxe3 27. Rxe3 Bxd2 28. Re4 Bc3 29. Rfe2 Bf6 30. Kg2 Rd3 31. Rxe6 fxe6 32.
Rxe6 Rd6 33. Re3 Kf7 34. Kf3 Rd4 35. c5 Rc4 36. Ke2 Rc2+ 37. Kd1 Rc3 38. Rxc3 Bxc3 39. Kc2 Bf6 40. Kb3 Ke6 41. Ka4 Kd7 42. Ka5 Bb2 43.
Ka4 Kc7 44. Kb3 Bd4 45. h3 e6 46. Kc4 Bf2 47. g4 Bg3 48. f5 gxf5 49. gxf5 exf5 50. Kd4 f4 51. Ke4 h5 52. a4 a6 53. Kf3 h4 54.
Ke4 Kd7 55. Kf3 Ke6 56. Ke4 Be1 57. b5 axb5 58. axb5 cxb5 59. Kxf4 Kd5 0-1

[Event "Late-Titled-Tuesday-Blitz-February-13-2024"]
[Site "Chess.com"]
[Date "2024.02.13"]
[Round "5"]
[White "szachmistrz2500"]
[Black "yaguigor"]
[Result "0-1"]
[WhiteElo "2461"]
[BlackElo "2625"]
[TimeControl "180+1"]
[EndTime "14:56:10 PST"]
[Termination "yaguigor won on time"]

1. d4 d5 2. c4 e6 3. Nf3 Nf6 4. Nc3 c6 5. cxd5 exd5 6. Bg5 h6 7. Bh4 Bf5 8. e3 Nbd7 9. Bd3 Bxd3 10. Qxd3 Be7 11.
O-O O-O 12. Rab1 a5 13. Nd2 Re8 14. f3 b5 15. Rbc1 a4 16. e4 dxe4 17. fxe4 Ne5 18.
Qe3 Nfg4 19. Bxe7 Rxe7 20. Qe2 Qxd4+ 21. Kh1 Qd3 22. h3 Qxe2 23. Nxe2 Ne3 24. Rg1 Rd8 25.
Nf3 Nd3 26. Rxc6 Rxe4 27. Nc3 Rb4 28. Rb6 Rxb2 29. Rxb5 a3 30. Rb3 Rxb3 31. axb3 Nf2+ 32. Kh2 Nfd1 33. Na2 Rd3 34. b4 Rb3 35. Re1 Rb2 36. Nc3 Rxg2+ 37. Kh1 a2 38. Nxd1 a1=Q 39. Nxe3 Qc3 40.
Nxg2 Qxb4 41. Rf1 g6 42. h4 Qd6 0-1

[Event "Late-Titled-Tuesday-Blitz-February-13-2024"]
[Site "Chess.com"]
[Date "2024.02.13"]
[Round "5"]
[White "rikchessmx"]
[Black "ValeriyGrinev"]
[Result "0-1"]
[WhiteElo "2298"]
[BlackElo "2524"]
[TimeControl "180+1"]
[EndTime "14:56:10 PST"]
[Termination "ValeriyGrinev won by resignation"]

1. e4 c5 2. Nf3 e6 3. d4 cxd4 4. Nxd4 a6 5. Nc3 Qc7 6. Bd3 Nf6 7. Qf3 Nc6 8. Nxc6 dxc6 9. Bf4 e5 10. Be3 Bb4 11. h3 Bxc3+ 12. bxc3 O-O 13. O-O Be6 14. Bg5 Nd7 15. Qg3 Kh8 16. f4 f6 17.
f5 Bf7 18. Bd2 b5 19. a4 Nb6 20. a5 Nc4 21. Bxc4 Bxc4 22. Rf2 c5 23. Qe3 Rad8 24. g4 Qc6 25. Kh2 Rd7 26. Rg1 Rfd8 27. h4 Rd6 28. Bc1 Qc7 29. g5 Qxa5 30. Rfg2 Qc7 31. h5 fxg5 32. Qxg5 R8d7 33. Qh4 h6 34. Rg6 Rxg6 35.
hxg6 Qd8 36. Bg5 Qf8 37. f6 Kg8 38. f7+ Bxf7 39. gxf7+ Rxf7 40. Be3 Rf3 41. Qxh6 Rf2+ 42. Bxf2 Qxf2+ 43. Kh3 Qxg1 44. Qe6+ Kh7 45. Qxe5 Qe3+ 46. Kg4 Qe2+ 47. Kg5 Qg2+ 48. Kh4 Qf3 49. Kg5 c4 50. Qh2+ Kg8 51. Qb8+ Qf8 52. Qb6 Qf6+ 53. Kg4 Qxb6 0-1

[Event "Late-Titled-Tuesday-Blitz-February-13-2024"]
[Site "Chess.com"]
[Date "2024.02.13"]
[Round "5"]
[White "dawid498"]
[Black "Genghis_K"]
[Result "0-1"]
[WhiteElo "2691"]
[BlackElo "2915"]
[TimeControl "180+1"]
[EndTime "14:56:12 PST"]
[Termination "Genghis_K won by checkmate"]

1. e4 c5 2. Nf3 d6 3. Nc3 Nf6 4. e5 dxe5 5. Nxe5 a6 6. g3 Qd6 7. Nc4 Qc6 8. Rg1 Bg4 9. Be2 Bxe2 10. Qxe2 b5 11. Ne5 Qb7 12. d3 Nbd7 13. Bf4 e6 14.
O-O-O Be7 15. Kb1 O-O 16. g4 b4 17. Ne4 Nd5 18. Nxd7 Qxd7 19. Bc1 a5 20. g5 a4 21. Qh5 a3 22. Rg3 axb2 23. Bxb2 e5 24. Rh3 Qf5 25. Rf3 Qg6 26. Qxg6 hxg6 27. Bxe5 Rfe8 28. Bb2 Ra6 29.
h4 Rea8 30. c4 bxc3 31. Nxc3 Nxc3+ 32. Bxc3 Rxa2 33. Rd2 R2a3 34. Bb2 Rb3 35. Kc2 c4 36. Rf4 Ra2 37. Kc1 c3 38. Bxc3 Rxc3+ 39. Kd1 Ra1+ 40. Ke2 Rcc1 41. Kf3 Bd6 42. Re4 Rc8 43. Rde2 Ra3 44.
Re8+ Rxe8 45. Rxe8+ Kh7 46. Rd8 Rxd3+ 47. Ke2 Rd5 48.
Rd7 Re5+ 49. Kf1 Be7 50. f4 Re4 51. Kg2 f5 52. gxf6 Bxf6 53. Kf3 Ra4 54. Kg4 Ra1 55. Rd3 Rg1+ 56. Kf3 Bxh4 57. Ke4 Bf6 58. Rh3+ Kg8 59. Rb3 Re1+ 60. Kf3 g5 61. Rb8+ Kh7 62. f5 Rf1+ 63. Kg4 Rf4+ 64. Kh5 Rh4# 0-1

[Event "Late-Titled-Tuesday-Blitz-February-13-2024"]
[Site "Chess.com"]
[Date "2024.02.13"]
[Round "5"]
[White "kibromNNN"]
[Black "GaiozNigalidze"]
[Result "1-0"]
[WhiteElo "1817"]
[BlackElo "2653"]
[TimeControl "180+1"]
[EndTime "14:56:12 PST"]
[Termination "kibromNNN won on time"]

1. d3 e5 2. Nf3 Nc6 3. c3 d5 4. e4 Nf6 5. Qc2 a5 6. Bg5 Be7 7. Nbd2 O-O 8. Be2 Be6 9. O-O Qd7 10.
Rad1 Rad8 11. Rfe1 h6 12. Bh4 Rfe8 13. Bg3 Bd6 14.
exd5 Bxd5 15. Ne4 Bxe4 16. dxe4 Qe6 17. b3 Nh5 18. Bc4 Qf6 19. Bd5 Nxg3 20. hxg3 Bc5 21. Bxc6 bxc6 22. Rxd8 Rxd8 23. Rd1 Rd6 24. Rd2 g6 25.
Qd1 Kg7 26. Qe2 g5 27. Nh2 h5 28. Nf1 Qg6 29. Qc4 Bb6 30. Rd3 Qf6 31. Rf3 Qe6 32. Qe2 Qg6 33. Ne3 Bxe3 34. Rxe3 g4 35. Rd3 Qe6 36.
Qe3 Kg6 37. Kh2 1-0

[Event "Late-Titled-Tuesday-Blitz-February-13-2024"]
[Site "Chess.com"]
[Date "2024.02.13"]
[Round "5"]
[White "waltereador"]
[Black "Attacker_2006"]
[Result "1-0"]
[WhiteElo "2292"]
[BlackElo "2467"]
[TimeControl "180+1"]
[EndTime "14:56:12 PST"]
[Termination "waltereador won by resignation"]

1. e4 e5 2. d4 exd4 3. c3 d5 4. exd5 Qxd5 5. cxd4 Nc6 6. Nf3 Bf5 7. Be2 O-O-O 8. Nc3 Bb4 9. O-O Qa5 10. Be3 Nf6 11.
Qb3 Be6 12. Qc2 Nd5 13. Bd2 Qb6 14. a3 Bxc3 15. bxc3 Nde7 16. Rfb1 Qa5 17. c4 Bf5 18. Qb2 Qb6 19. Qxb6 axb6 20. d5 Bxb1 21. dxc6 Be4 22. cxb7+ Kxb7 23. Bc3 Nf5 24. g4 Nd6 25. h3 f6 26. a4 Bc6 27. a5 Rhe8 28. Kf1 bxa5 29. c5 Nb5 30. Bxa5 Ra8 31. Nd2 Red8 32. Nb3 Nd4 33. Nxd4 Rxd4 34. Rb1+ Kc8 35. Bc3 Rd5 36. Bb4 Rb8 37. Bf3 Rd1+ 38. Bxd1 Be4 39. Rb2 Kd7 40. Be2 Kc6 41. f3 Bd5 42. Bc3 Ra8 43. Bd4 Ra1+ 44.
Kf2 Ra4 45. Be3 Ra2 46. Rxa2 Bxa2 47. Bd3 Bd5 48. Bxh7 1-0

[Event "Late-Titled-Tuesday-Blitz-February-13-2024"]
[Site "Chess.com"]
[Date "2024.02.13"]
[Round "5"]
[White "BogdanDeac"]
[Black "tptagain"]
[Result "1-0"]
[WhiteElo "3021"]
[BlackElo "2865"]
[TimeControl "180+1"]
[EndTime "14:56:13 PST"]
[Termination "BogdanDeac won on time"]

1. d4 d5 2. Nf3 e6 3. Bf4 c5 4. e3 Nc6 5. c3 Nf6 6. Nbd2 cxd4 7.
exd4 Nh5 8. Be3 Bd6 9. Ne5 Nf6 10. Ndf3 Qc7 11. Nd3 O-O 12. g3 b6 13. Bg2 Ba6 14.
O-O Rfe8 15. Re1 Rab8 16. h3 Bxd3 17. Qxd3 b5 18. a3 Na5 19. Ra2 Ne4 20. Ne5 f6 21. Nf3 Nc4 22. Bc1 f5 23. Nd2 h6 24. Nb1 Qc6 25. b3 Nb6 26. Bf1 a6 27. Rc2 Rf8 28.
Nd2 Qe8 29. Nf3 Qh5 30. Bg2 Rbc8 31. Ne5 Bxe5 32. dxe5 Nd7 33. Qd4 Rc7 34. Be3 Rfc8 35. Rec1 Qf7 36. c4 Ndc5 37. cxd5 Nxb3 38. Rxc7 Rxc7 39. Rxc7 Qxc7 40. Qd1 Nbc5 41. d6 Qd7 42.
Qc2 Na4 43. Bxe4 fxe4 44. Qc7 1-0

[Event "Late-Titled-Tuesday-Blitz-February-13-2024"]
[Site "Chess.com"]
[Date "2024.02.13"]
[Round "5"]
[White "verrbaa"]
[Black "Sokoloco"]
[Result "0-1"]
[WhiteElo "2505"]
[BlackElo "2805"]
[TimeControl "180+1"]
[EndTime "14:56:13 PST"]
[Termination "Sokoloco won on time"]

1. e4 d6 2. d4 g6 3. Nc3 Bg7 4. Be3 a6 5. a4 b6 6. Nf3 Bb7 7. Be2 e6 8. h4 Nf6 9. Nd2 h5 10.
Bg5 Nbd7 11. O-O O-O 12. f4 Qe8 13. e5 Nh7 14. Nde4 f6 15. exf6 Ndxf6 16. Bf3 Nxe4 17. Nxe4 Bxe4 18. Bxe4 d5 19. Bd3 Bxd4+ 20. Kh1 Bxb2 21.
Rb1 Bg7 22. c4 Nxg5 23. hxg5 Rd8 24. Qc2 Kh7 25. g4 dxc4 26. Be4 hxg4 27. Kg2 Rf5 28.
Bxf5 gxf5 29. Qxc4 Rd4 30. Qe2 Qxa4 31. Qxe6 Rd2+ 32.
Kh1 Qa5 33. Rbd1 Rxd1 34. Rxd1 Qc5 35. Qf7 Qf8 36. Qh5+ Kg8 37. g6 Qe7 38. Qg5 Qxg5 39. fxg5 Be5 40. Kg2 Kg7 41. Rd5 Bd6 42. Rxf5 Kxg6 0-1

[Event "Late-Titled-Tuesday-Blitz-February-13-2024"]
[Site "Chess.com"]
[Date "2024.02.13"]
[Round "5"]
[White "NovakRatko"]
[Black "tteshan"]
[Result "0-1"]
[WhiteElo "2321"]
[BlackElo "2631"]
[TimeControl "180+1"]
[EndTime "14:56:14 PST"]
[Termination "tteshan won on time"]

1. d4 g6 2. c4 Bg7 3. Nc3 c5 4. e3 cxd4 5. exd4 Nf6 6. Nf3 O-O 7. Bd3 d5 8. O-O Nc6 9. h3 b6 10. cxd5 Nxd5 11. Be4 Be6 12. Ng5 Nxc3 13. bxc3 Bd5 14. Re1 Bxe4 15. Nxe4 Rc8 16. Ba3 Qd5 17. Ng3 Rfe8 18. Qb3 e6 19. Qxd5 exd5 20. Bd6 Na5 21. Bb4 Nc4 22. a4 a5 23. Be7 Bh6 24. Nf1 f5 25. h4 Kf7 26. Bg5 Bxg5 27. hxg5 Nd6 28.
Ne3 Ne4 29. Nxd5 Rc6 30. c4 Rxc4 31. Nxb6 Rxd4 32. f3 Nxg5 33. Rxe8 Kxe8 34. Rc1 Ne6 35. Rc6 Kf7 36. Nc4 Rd1+ 37. Kf2 Rd5 38. Ra6 Nc5 39. Rxa5 Nd3+ 40. Ke3 Rxa5 41. Nxa5 Nb2 42. Kf4 Nxa4 43. Kg5 Nc5 44. Kh6 Nd3 45. Nc4 Ne1 0-1

[Event "Late-Titled-Tuesday-Blitz-February-13-2024"]
[Site "Chess.com"]
[Date "2024.02.13"]
[Round "5"]
[White "Miguelito"]
[Black "Grischuk"]
[Result "0-1"]
[WhiteElo "2764"]
[BlackElo "3091"]
[TimeControl "180+1"]
[EndTime "14:56:16 PST"]
[Termination "Grischuk won by resignation"]

1. e4 e5 2. Nf3 Nc6 3. Bc4 Bc5 4. d3 Nf6 5. h3 d6 6. c3 a6 7. a4 Ba7 8. Nbd2 O-O 9. O-O h6 10. Re1 Be6 11. Bxe6 fxe6 12. Nf1 a5 13. Be3 Bxe3 14. Rxe3 d5 15. exd5 Nxd5 16. Re4 Nf4 17. Nxe5 Qg5 18. Qg4 Nxe5 19. Qxg5 Nf3+ 20. gxf3 Nxh3+ 21. Kg2 Nxg5 22.
Re3 Rf4 23. Nd2 Raf8 24. d4 b6 25. Rh1 R8f6 26. Kg3 Kf7 27. Rh4 Rxh4 28. Kxh4 Rf5 29.
Nc4 Kf6 30. Ne5 Nf7 31. Nd3 e5 32. dxe5+ Nxe5 33. Nxe5 Rxe5 34. f4 g5+ 35. fxg5+ hxg5+ 36. Kg4 Rxe3 37. fxe3 c5 38. e4 Ke5 39. Kxg5 Kxe4 40. Kf6 Kd3 41. Ke5 Kc2 42. Kd5 Kxb2 43. Kc4 Kc2 44. Kb5 Kxc3 45. Kxb6 Kb4 0-1

[Event "Late-Titled-Tuesday-Blitz-February-13-2024"]
[Site "Chess.com"]
[Date "2024.02.13"]
[Round "5"]
[White "noblerone"]
[Black "riconaipe"]
[Result "1-0"]
[WhiteElo "2466"]
[BlackElo "2586"]
[TimeControl "180+1"]
[EndTime "14:56:18 PST"]
[Termination "noblerone won on time"]

1. d4 g6 2. Nf3 Bg7 3. Bg5 d5 4.
e3 c6 5. Nbd2 Bf5 6. c4 Nf6 7. Qb3 Bc8 8. Rc1 O-O 9. Be2 a5 10.
a3 a4 11. Qa2 Bf5 12. O-O h6 13. Bh4 e6 14. Ne5 g5 15. Bg3 Nbd7 16. Nxd7 Qxd7 17.
Be5 Rfc8 18. Rfd1 Bg6 19. h3 h5 20. Nf1 Ne4 21. Bxg7 Kxg7 22. Nd2 Nxd2 23. Rxd2 f5 24. Qb1 Rf8 25. cxd5 exd5 26. Bd3 Rf6 27. Qc2 h4 28. Re2 Bh5 29. Ree1 g4 30. hxg4 fxg4 31. e4 Raf8 32.
exd5 Rxf2 33. Qc5 Qxd5 34. Re7+ R8f7 35. Rxf7+ Rxf7 36. Qxd5 cxd5 37. Rc5 Rd7 38. Bb5 Rd8 39. Bxa4 g3 40. Bb3 Bf7 41. Rc7 Re8 42. Kf1 Kf6 43.
Rxb7 Bg6 44. Rb6+ Kg5 45. Rxg6+ Kxg6 46. Bxd5 Kg5 47. Bc4 Kf4 48. d5 Ke3 49. Ke1 Kd4+ 50. Be2 1-0

[Event "Late-Titled-Tuesday-Blitz-February-13-2024"]
[Site "Chess.com"]
[Date "2024.02.13"]
[Round "5"]
[White "ChessQueen"]
[Black "jcibarra"]
[Result "1-0"]
[WhiteElo "2708"]
[BlackElo "2916"]
[TimeControl "180+1"]
[EndTime "14:56:20 PST"]
[Termination "ChessQueen won on time"]

1. e4 c5 2. d4 cxd4 3. Qxd4 Nc6 4. Qd3 e6 5. Nc3 a6 6. Nf3 Nge7 7. Bg5 h6 8. Bh4 g5 9. Bg3 Bg7 10. Bd6 Ng6 11.
Be2 b5 12. O-O Bb7 13. Rfe1 Qb6 14. Bf1 g4 15. Nd5 exd5 16. exd5+ Nce7 17. Qa3 Bxd5 18.
Bxe7 Be6 19. Bc5 b4 20. Qe3 Qc7 21. Nd4 Qxc5 22. Nxe6 Qxe3 23. Nxg7+ Kf8 24. Rxe3 Kxg7 25. Rd1 Ra7 26. Rd4 Rc8 27. Bd3 h5 28. h3 gxh3 29. Rxh3 a5 30. Rxh5 Nf8 31. g3 Ne6 32. Rdd5 a4 33.
Ra5 Rca8 34. Rxa7 Rxa7 35. Rb5 b3 36. cxb3 Nd4 37. Rb4 axb3 38. a3 Nf3+ 39. Kf1 Ne5 40. Be2 Nc6 41. Rxb3 d5 42. Bf3 Rd7 43. Rd3 Ne7 44.
b4 Kf6 45. b5 Ke5 46. a4 Ra7 47.
Ra3 Nc8 48. a5 Nd6 49. b6 Ra8 50. Be2 d4 51. a6 Kd5 52. b7 1-0

[Event "Late-Titled-Tuesday-Blitz-February-13-2024"]
[Site "Chess.com"]
[Date "2024.02.13"]
[Round "5"]
[White "Pelopidass"]
[Black "TheSilmarils"]
[Result "0-1"]
[WhiteElo "2579"]
[BlackElo "2851"]
[TimeControl "180+1"]
[EndTime "14:56:20 PST"]
[Termination "TheSilmarils won on time"]

1. d4 Nf6 2. Nf3 e6 3. c4 c5 4. e3 a6 5. Nc3 d5 6. cxd5 exd5 7. Be2 Nc6 8. O-O Bd6 9. dxc5 Bxc5 10. b3 O-O 11. Bb2 Re8 12. Rc1 Ba7 13. Na4 Ne4 14.
Nd4 Bd7 15. Nxc6 Bxc6 16. Bd4 Bxa4 17. bxa4 Bxd4 18. Qxd4 Qa5 19. Bf3 h6 20. Rfd1 Rad8 21. h4 Nf6 22. Rc5 Qb6 23. a5 Qd6 24. Rdc1 Re7 25.
R5c2 h5 26. Qc5 g6 27. Qxd6 Rxd6 28. Rc7 Rdd7 29. Rxd7 Rxd7 30. Rc8+ Kg7 31. Kf1 Ne4 32. Ke2 Nd6 33. Rc5 Nb5 34. a4 Nc7 35. Kd3 Kf6 36. g3 Ke7 37. Rc1 Ne6 38. Rb1 d4 39. exd4 Rxd4+ 40. Ke3 Rxa4 41. Rxb7+ Kf6 42. Rc7 Rxa5 43. Rc3 Ra1 44.
Rb3 a5 45. Rb6 Ke5 46. Ra6 a4 47. Bb7 a3 48. Ra5+ Kd6 49. Bc8 Nc5 50. Kf3 a2 0-1

[Event "Late-Titled-Tuesday-Blitz-February-13-2024"]
[Site "Chess.com"]
[Date "2024.02.13"]
[Round "5"]
[White "CrushingKings"]
[Black "Zampronha1971"]
[Result "0-1"]
[WhiteElo "2631"]
[BlackElo "2362"]
[TimeControl "180+1"]
[EndTime "14:56:20 PST"]
[Termination "Zampronha1971 won on time"]

1. Nf3 Nf6 2. g3 e6 3. Bg2 d5 4. O-O c5 5. d4 Nc6 6. c4 cxd4 7.
Nxd4 e5 8. Nxc6 bxc6 9. cxd5 cxd5 10. Nc3 Be6 11. Qa4+ Qd7 12. Qxd7+ Kxd7 13. Bg5 Rb8 14. Bxf6 gxf6 15. Nxd5 Bxd5 16. Bxd5 Rxb2 17. Rfd1 Bd6 18. Bxf7 Rxe2 19. Rab1 Rc2 20. Rb5 Ke7 21. Bb3 Rc7 22. Rbd5 Rd8 23. Kg2 Rc5 24. R5d2 Bc7 25. Rxd8 Bxd8 26. Kf3 Bb6 27. Ke4 Rc8 28. Rd2 Rd8 29. Re2 Kf8 30. Kf5 Kg7 31. f4 Bd4 32.
Rc2 Rd7 33. Rc8 Rb7 34. Rg8+ Kh6 35. fxe5 Bxe5 36. Bc4 Rg7 37. Rc8 Rc7 38. Rxc7 Bxc7 39. Kxf6 Bd6 40. Be2 Bc7 41. Bg4 Bb8 42. Bf5 Bc7 43. Ke6 Ba5 44. Kd5 Bb6 45. h3 Bf2 46. g4 Bg3 47. Kc6 Bf2 48. Kb7 Kg7 0-1

[Event "Late-Titled-Tuesday-Blitz-February-13-2024"]
[Site "Chess.com"]
[Date "2024.02.13"]
[Round "5"]
[White "HandKnit"]
[Black "FontVella8"]
[Result "0-1"]
[WhiteElo "2511"]
[BlackElo "2706"]
[TimeControl "180+1"]
[EndTime "14:56:20 PST"]
[Termination "FontVella8 won on time"]

1. c4 Nf6 2. Nc3 e6 3. e4 d5 4. cxd5 exd5 5. e5 d4 6. exf6 dxc3 7. Bb5+ c6 8. Qe2+ Be6 9. Bc4 cxd2+ 10. Bxd2 Qxf6 11. Bc3 Qg6 12. Nf3 Nd7 13. O-O Be7 14. Rfe1 O-O-O 15. Bxe6 fxe6 16. Qxe6 Qxe6 17. Rxe6 Bf6 18.
Bxf6 Nxf6 19. Rae1 Rd7 20. h3 Rhd8 21. g4 Rd3 22. R1e3 Rd1+ 23. Kh2 Nd5 24. R3e4 h6 25. Kg3 Rd3 26. Re8 b5 27. Rxd8+ Kxd8 28. h4 c5 29. g5 h5 30. Re6 c4 31. Rg6 Ne7 32. Ra6 b4 33.
Rxa7 c3 34. bxc3 bxc3 35. Ra4 Nf5+ 36. Kf4 Nd6 37. Ra5 Nb7 38. Ra4 Nd6 39. Ra5 Nc4 40. Rc5 Nd2 41. Ne1 Rh3 42. Nc2 Rxh4+ 43. Ke3 Rh3+ 44. Ke2 Ne4 45. Rc4 Nxg5 46. Ne3 Ne6 47.
Rxc3 g5 0-1

[Event "Late-Titled-Tuesday-Blitz-February-13-2024"]
[Site "Chess.com"]
[Date "2024.02.13"]
[Round "5"]
[White "jcmesafischer"]
[Black "el008"]
[Result "0-1"]
[WhiteElo "2361"]
[BlackElo "2559"]
[TimeControl "180+1"]
[EndTime "14:56:20 PST"]
[Termination "el008 won on time"]

1. e4 b6 2. d4 Bb7 3. Bd3 e6 4. Nf3 Nf6 5. Nc3 Bb4 6. Nd2 c5 7. e5 cxd4 8. Nb5 Nd5 9. a3 Be7 10.
Ne4 O-O 11. Qh5 g6 12. Qh6 f5 13. Ng5 Bxg5 14. Bxg5 Ne7 15. h4 Bxg2 16. Rg1 Bf3 17. Rg3 Bh5 18. Bf6 Rf7 19. Nd6 Qf8 20. Nxf7 Kxf7 21.
Qxh7+ Ke8 22. Be2 Bxe2 23. Kxe2 Nbc6 24. h5 d3+ 25. cxd3 f4 26. Rg4 gxh5 27. Rg7 f3+ 28. Kd2 Kd8 29. Rag1 Kc7 30. Rf7 Qc8 31. Bxe7 Nxe5 32.
Rfg7 Qa6 33. Bb4 Qb5 34. Bc3 Ng4 35. Qe4 Nxf2 36. Qxf3 Rf8 37. Qg3+ Kb7 38. Rg5 Qc6 39. Re5 h4 40. Qg2 d5 41. Re3 h3 42. Qg7+ Ka6 43.
Re2 Rf3 44. Qd4 Rxd3+ 45. Qxd3+ Nxd3 46. Kxd3 Qc4+ 47. Kd2 Qc5 48. Rg3 d4 49. Bb4 Qh5 50.
Rh2 Qh6+ 51. Kc2 d3+ 52. Kxd3 Qh7+ 53. Kc3 Qc7+ 0-1

[Event "Late-Titled-Tuesday-Blitz-February-13-2024"]
[Site "Chess.com"]
[Date "2024.02.13"]
[Round "5"]
[White "xakevicius91"]
[Black "Kostukov_Alex"]
[Result "0-1"]
[WhiteElo "2525"]
[BlackElo "2308"]
[TimeControl "180+1"]
[EndTime "14:56:20 PST"]
[Termination "Kostukov_Alex won by checkmate"]

1. e4 c5 2. Nf3 g6 3. Bc4 Bg7 4. c3 e6 5. O-O Ne7 6. Bb3 d5 7.
e5 d4 8. d3 h6 9. Qe2 Nbc6 10.
Nbd2 O-O 11. Ne4 b6 12. Nf6+ Kh8 13. cxd4 Nxd4 14. Nxd4 Qxd4 15. Ng4 h5 16. Nf6 Bb7 17. Bg5 Nf5 18. Rad1 Rad8 19. Rfe1 Nh4 20. Bxh4 Qxh4 21. Qe3 Bxf6 22. exf6 Qxf6 23. Qh6+ Kg8 24. Re3 Rd4 25. Rde1 Qg7 26. Qxg7+ Kxg7 27. Bc2 Rfd8 28. g3 Ba6 29. Re4 Bxd3 30. Bxd3 Rxd3 31. Ra4 a5 32. Re2 Rd2 33.
Kf1 Rxe2 34. Kxe2 Rd4 35. Ra3 e5 36. f3 f5 37. Rc3 Kf6 38. b3 Ke6 39. h4 Kd5 40.
Re3 e4 41. Rc3 Rd3 42. fxe4+ fxe4 43. Rxd3+ exd3+ 44. Kxd3 b5 45. a4 c4+ 46. bxc4+ bxc4+ 47. Kd2 Kd4 48. Kc2 c3 49. Kb3 Kd3 50. g4 hxg4 51. h5 gxh5 52. Ka2 c2 53. Kb2 Kd2 54. Kb3 c1=Q 55.
Ka2 Qc4+ 56. Kb2 Qb4+ 57. Ka1 Qxa4+ 58. Kb2 Qb4+ 59. Ka1 Kc3 60. Ka2 Qb2# 0-1

[Event "Late-Titled-Tuesday-Blitz-February-13-2024"]
[Site "Chess.com"]
[Date "2024.02.13"]
[Round "5"]
[White "MikeSailer"]
[Black "Sajkochess"]
[Result "1-0"]
[WhiteElo "2211"]
[BlackElo "2357"]
[TimeControl "180+1"]
[EndTime "14:56:20 PST"]
[Termination "MikeSailer won by resignation"]

1. d4 Nf6 2. Nf3 e6 3. Bf4 c5 4. e3 cxd4 5. exd4 b6 6. Bd3 Bb7 7. O-O Be7 8. Nbd2 O-O 9. a4 a6 10. c3 d6 11. h3 Nbd7 12. Re1 Re8 13. Qc2 Nf8 14. c4 Rc8 15. b4 Nd5 16. Bh2 Nxb4 17. Qc3 d5 18. c5 bxc5 19. Bf1 cxd4 20. Qxd4 Nc2 21. Qa7 Nxe1 22. Qxb7 Nxf3+ 23. Nxf3 a5 24. Bb5 Rb8 25. Bxb8 Qxb8 26. Qa6 Rc8 27. Qxa5 e5 28.
Qd2 d4 29. Re1 Bd6 30. Qe2 Ng6 31. h4 Nf4 32. Qe4 f6 33. g3 Ng6 34. h5 Ne7 35. h6 g6 36. Qg4 Kf7 37. Bd7 f5 38. Ng5+ Kg8 39. Be6+ Kh8 40. Nf7+ Kg8 41. Qg5 Kf8 42. Qf6 Ng8 43. Qg7+ Ke7 44. Nxd6+ Kxd6 45. Qd7+ Kc5 46.
Rc1+ Kb4 47. Rb1+ Kc3 48. Rxb8 Rxb8 49. Qc7+ 1-0